 Dungeon Crawl Stone Soup version 0.27-a0-1200-g94dc6ad4cf (webtiles) character file.

Game seed: 10821350704882041010

68 bilbop the Covered (level 4, 0/40 HPs)
             Began as a Minotaur Fighter on June 2, 2021.
             Killed from afar by Ijyb (5 damage)
             ... with a bolt of acid
             ... on level 3 of the Dungeon.
             The game lasted 00:05:54 (1315 turns).

bilbop the Covered (Minotaur Fighter)               Turns: 1315, Time: 00:05:55

Health: 0/40       AC:  8    Str: 21    XL:     4   Next: 1%
Magic:  3/3        EV:  7    Int:  5    God:
Gold:   87         SH: 15    Dex: 16    Spells: 3/3 levels left

rFire    . . .     SeeInvis .   a - +0 flail
rCold    . . .     Faith    .   c - +0 kite shield
rNeg     . . .     Spirit   .   b - +0 scale mail
rPois    .         Reflect  +   (helmet restricted)
rElec    .         Harm     .   m - +0 cloak
rCorr    .         Rampage  .   (no gloves)
Will     .....                  (no boots)
Stlth    ..........             i - amulet of reflection
HPRegen  0.13/turn              f - +6 ring of dexterity
MPRegen  0.08/turn              (no ring)

@: no status effects
A: horns 2, retaliatory headbutt
a: no special abilities


You were on level 3 of the Dungeon.
You visited 1 branch of the dungeon, and saw 3 of its levels.

You collected 87 gold pieces.

Inventory:

Hand Weapons
 a - a +0 flail (weapon)
Armour
 b - a +0 scale mail (worn)
 c - a +0 kite shield (worn)
 m - a +0 cloak (worn)
Jewellery
 f - a +6 ring of dexterity (left hand)
 i - an amulet of reflection (around neck)
Scrolls
 g - a scroll of fear {unknown}
 h - 2 scrolls of noise {unknown}
 j - 2 scrolls of identify {unknown}
 k - a scroll of vulnerability {unknown}
 l - 2 scrolls of teleportation {unknown}
 o - a scroll of immolation {unknown}
 p - a scroll of magic mapping {unknown}
Potions
 d - 2 potions of might
 e - a potion of cancellation {unknown}
 n - a potion of heal wounds {unknown}


   Skills:
 + Level 4.2 Fighting
 * Level 3.8 Maces & Flails
 + Level 4.2 Armour
 + Level 4.1 Shields


You had 3 spell levels left.
You didn't know any spells.
Your spell library contained the following spells:

 Spells                   Type           Power      Damage    Failure   Level
 Confusing Touch          Hex            0%         N/A       100%        3
 Gell's Gravitas          Tloc           0%         N/A       100%        3
 Petrify                  Tmut/Erth      0%         N/A       100%        4
 Metabolic Englaciation   Hex/Ice        0%         N/A       100%        5
 Yara's Violent Unravell  Hex/Tmut       0%         3d3       100%        5


Dungeon Overview and Level Annotations

Branches:
Dungeon (3/15)

Altars:

Annotations:
D:3 Ijyb, Sigmund


Innate Abilities, Weirdness & Mutations

You have a pair of horns on your head.
You reflexively headbutt those who attack you in melee.


Message History

You feel very sick.
Sigmund hits you from afar with a +3 scythe of venom!
You are more poisoned.
The worm bites you.
You are too injured to fight recklessly!
You are too injured to fight recklessly!
You are too injured to fight recklessly!
You are too injured to fight recklessly!
You are too injured to fight recklessly!
You feel very sick.
* * * LOW HITPOINT WARNING * * *
You feel very sick. Sigmund casts a spell at you.
You are confused.
You feel sick.
You feel sick.
You feel sick.
Sigmund zaps a wand.
You hear a grinding noise.
You feel sick.
You're too confused to move!
You feel sick.
You bump into the rock wall.
You feel sick.
You hear a zap.
You hear a grinding noise.
You feel less confused.
You feel sick.
You feel sick.
You are no longer poisoned.
Ijyb zaps a wand.
The bolt of acid hits the ball python!!
The ball python is splashed with acid.
The acid corrodes the ball python!
The ball python dies!
The bolt of acid misses you. Sigmund casts a spell at you.
You are confused.
Sigmund zaps a wand.
You hear a grinding noise.
Sigmund zaps a wand.
Some rock shatters into small pieces.
A kobold comes into view. It is wielding a +0 dagger.
You feel less confused.
The kobold shouts!
You hear a zap.
You hear a grinding noise.
Ijyb zaps a wand.
The bolt of acid hits you.
You die...

#....###†..# #.#
#K.#..#..#.# #.#
#.w........# #.#
#.##...##### #..
#######.#g@.## ######
...........## ##.## #
###.###.#.######.#.###
#.##.####.....###.##
#.#@## #......#....
#..## #.#####.####
#.### #†# #.# #
###...#####.# # # #
#.....<.....# #
#...........# #
#..##.####### .
#..##.# . #..##.#


You could see Sigmund and Ijyb.

Vanquished Creatures
  4 adders
  A worm (D:2)
  2 bats
  4 endoplasms (D:1)
  3 giant cockroaches
  A goblin (D:1)
  2 hobgoblins
  A quokka (D:1)
  4 ball pythons
  6 kobolds
  2 rats
30 creatures vanquished.

Vanquished Creatures (others)
  A ball python (D:3)
1 creature vanquished.

Grand Total: 31 creatures vanquished

Notes
Turn   | Place    | Note
-------+----------+-------------------------------------------
     0 | D:1      | bilbop the Minotaur Fighter began the quest for the Orb.
     0 | D:1      | Reached XP level 1. HP: 19/19 MP: 0/0
   244 | D:1      | Reached XP level 2. HP: 25/27 MP: 1/1
   716 | D:2      | Reached XP level 3. HP: 33/33 MP: 2/2
  1244 | D:3      | Reached XP level 4. HP: 40/40 MP: 3/3
  1289 | D:3      | Noticed Sigmund
  1290 | D:3      | Noticed Ijyb
  1315 | D:3      | Killed from afar by Ijyb

Illustrated notes

Levels and vault maps discovered:
D:1:      dpeg_arrival_round_c, layout_rooms, minmay_splitting_lines
D:2:      layout_basic, minmay_fractal_squares_gapless_5
D:3:      layout_loops_ring, general_overflow_altar,
          chequers_ecumenical_altar_grove, uniq_ijyb, uniq_sigmund, uniq_grinder

Skill      XL: |  1  2 |
---------------+-------+-----
Maces & Flails | 3 |  3.8
Fighting       | 4 |  4.2
Armour         | 4 |  4.2
Shields        | 4 |  4.1

Action                   |  1- 3 |  4- 6 || total
-------------------------+-------+-------++-------
Melee: Flail             |    52 |     3 ||    55
       Headbutt          |    11 |     1 ||    12
Armor: Scale mail        |    12 |       ||    12
Dodge: Dodged            |     7 |     3 ||    10
Block: Kite shield       |    40 |     1 ||    41

Table legend: (Time is in decaauts)
 A = Elapsed time spent in this place.
 B = Non-inter-level travel time spent in this place.
 C = Inter-level travel time spent in this place.
 D = Time resting spent in this place.
 E = Time spent auto-exploring this place.
 F = Levels seen in this place.
 G = Mean time per level.
                   A        B        C        D        E       F      G
               +--------+--------+--------+--------+--------+-----+--------+
         Total |   1339 |   1308 |     31 |      0 |   1096 |   3 |  446.3 |
       Dungeon |   1339 |   1308 |     31 |      0 |   1096 |   3 |  446.3 |
               +--------+--------+--------+--------+--------+-----+--------+

Top non-repeatable levels by time:
     D:1: 659 daAuts
     D:2: 589 daAuts
     D:3: 90 daAuts
